 Dungeon Crawl Stone Soup version 0.32-a0-433-g08bcfe7 (webtiles) character file.

Game seed: 14158359258688155914

478 Nithhogg the Cleaver (level 6, -1/76 HPs)
             Began as a Mountain Dwarf Fighter on Feb 22, 2024.
             Incinerated by a bombardier beetle (5 damage)
             ... with a burning spray
             ... on level 4 of the Dungeon.
             The game lasted 00:04:56 (3004 turns).

Nithhogg the Cleaver (Mountain Dwarf Fighter)       Turns: 3004, Time: 00:04:57

Health: -1/76      AC: 23    Str: 20    XL:     6   Next: 85%
Magic:  6/6        EV:  2    Int:  9    God:
Gold:   166        SH:  6    Dex:  9    Spells: 5/5 levels left

rFire   . . .        a - +0 war axe
rCold   . . .        p - +2 buckler
rNeg    . . .        b - melded +1 scale mail
rPois   +            (helmet currently unavailable)
rElec   .            (cloak currently unavailable)
rCorr   .            (gloves currently unavailable)
SInv    .            (boots currently unavailable)
Will    .....        t - amulet of faith
Stlth   +            (no ring)
HPRegen 0.32/turn    (no ring)
MPRegen 0.10/turn

%: faith
@: on fire, tree-form, glowing
A: stationary, stasis, torment immunity, boosted hp, runic magic, artefact
enchanting
a: Convert to Beogh


You were on level 4 of the Dungeon.
You were a tree.
You visited 1 branch of the dungeon, and saw 4 of its levels.

You collected 166 gold pieces.

Inventory:

Hand Weapons
 a - a +0 war axe (weapon)
 m - a +2 vampiric whip
 w - a +1 scythe of pain
Missiles
 g - 6 poisoned darts (quivered)
Armour
 b - a +1 scale mail (melded)
 c - a +0 buckler
 p - a +2 buckler (worn)
Jewellery
 k - an amulet of magic regeneration
 r - an amulet of the acrobat
 t - an amulet of faith (around neck)
Wands
 x - a wand of roots (14)
Scrolls
 e - 3 scrolls of teleportation
 h - a scroll of fear
 n - 2 scrolls of identify
 o - a scroll of blinking
 v - a scroll of poison {unknown}
Potions
 d - a potion of might
 f - a potion of berserk rage {unknown}
 i - a potion of haste {unknown}
 j - 2 potions of lignification
 q - a potion of heal wounds {unknown}
 s - a potion of attraction {unknown}
 u - a potion of cancellation {unknown}


   Skills:
 - Level 3.2 Fighting
 + Level 9.0 Axes
 - Level 3.2 Armour
 - Level 3.2 Shields


You had 5 spell levels left.
You didn't know any spells.
Your spell library contained the following spells:

 Spells                   Type           Power      Damage    Failure   Level
 Call Canine Familiar     Summ           0%         N/A       83%         3
 Sigil of Binding         Hex            0%         N/A       83%         3
 Dimensional Bullseye     Hex/Tloc       0%         N/A       99%         4


Dungeon Overview and Level Annotations

Branches:
Dungeon (4/15)
 Temple: D:4-7

Altars:
Nemelex Xobeh
Wu Jian

Annotations:
D:2 1 runed translucent door, Crazy Yiuf


Innate Abilities, Weirdness & Mutations

You are a tree.
Your roots penetrate the ground, keeping you stationary.
You cannot be teleported.
You are immune to unholy pain and torment.
Your maximum health is greatly increased.
Your equipment is partially melded.
Your spellcasting is much less encumbered by armour.
You can use scrolls of enchantment on lesser artefacts.


Message History

You kill the bombardier beetle!
The liquid fire burns you! The orc hits you but does no damage.
Your Axes skill increases to level 9!
You barely miss the orc. The liquid fire burns you! You block the orc's attack.
You slash the orc!
You kill the orc!
The liquid fire burns you!
* * * LOW HITPOINT WARNING * * *
An orc priest comes into view. It is wielding a +0 short sword.
The orc priest shouts!
The orc priest threatens, "Beogh's wrath is as vast as their mercy.
Make your choice!"
You slash something! The liquid fire burns you!
* * * LOW HITPOINT WARNING * * *
You hear some strange, mumbled words.
A magic dart appears from out of thin air!
The magic dart hits you.
* * * LOW HITPOINT WARNING * * *
The orc priest shouts, "The Pantheon deserves no one's loyalty.
Let us show you the true path!"
The orc priest shouts, "Beogh offers mercy even to people such as you.
Join us and be reborn!" (press Y on the ability menu to convert to Beogh) It was a potion of lignification.
You turn into a tree.
Your +1 scale mail melds into your body.
Your roots penetrate the ground.
The liquid fire burns you!
* * * LOW HITPOINT WARNING * * *
The orc priest looks encouraged for a moment.
An orc comes into view. It is wielding a +0 mace.
Something hits you but does no damage.
Okay, then.
You miss something. The liquid fire burns you!
* * * LOW HITPOINT WARNING * * *
Something hits you but does no damage.
It was a potion of magic.
Magic courses through your body. The liquid fire burns you!
You die...

###.....###.#####....
+....................
#.....###.###.#....
#.........# #.#.#.#
##....##### #....##
#.#### #.....# #.#
#....## #.# #......
#♣# ####.## #{#
###.##


oo# #..... #### #..... #..... #..... #..... ###### You could see an orc priest
and an orc.

Vanquished Creatures
  Sigmund (D:3)
  2 bombardier beetles
  An orc priest (D:3)
  A jelly (D:4)
  Jessica (D:2)
  An orc wizard (D:3)
  Robin (D:3)
  3 gnolls (D:3)
  An adder (D:2)
  A dart slug (D:3)
  A ribbon worm (D:2)
  5 orcs
  7 endoplasms
  7 giant cockroaches
  11 goblins
  5 hobgoblins
  8 kobolds
  2 quokkas
  4 ball pythons
  10 bats
  3 frilled lizards
  9 rats
85 creatures vanquished.

Notes
Turn   | Place    | Note
-------+----------+-------------------------------------------
     0 | D:1      | Nithhogg the Mountain Dwarf Fighter began the quest for the
                  | Orb.
     0 | D:1      | Reached XP level 1. HP: 19/19 MP: 1/1
    89 | D:1      | Reached skill level 3 in Axes
   157 | D:1      | Reached XP level 2. HP: 26/26 MP: 2/2
   290 | D:1      | Reached skill level 4 in Axes
   530 | D:1      | Reached XP level 3. HP: 31/31 MP: 3/3
   806 | D:2      | Found a sparkling altar of Nemelex Xobeh.
  1099 | D:2      | Noticed Jessica
  1103 | D:2      | Killed Jessica
  1104 | D:2      | Reached skill level 5 in Axes
  1104 | D:2      | Reached XP level 4. HP: 34/38 MP: 4/4
  1515 | D:2      | Found a runed translucent door.
  1516 | D:2      | Noticed Crazy Yiuf
  1594 | D:2      | Found a faded altar of an unknown god.
  1701 | D:3      | Noticed Sigmund
  1891 | D:3      | Reached skill level 6 in Axes
  2038 | D:3      | Reached XP level 5. HP: 42/45 MP: 5/5
  2066 | D:3      | Reached skill level 7 in Axes
  2243 | D:3      | Noticed Robin
  2253 | D:3      | Killed Robin
  2565 | D:3      | Killed Sigmund
  2566 | D:3      | Reached skill level 8 in Axes
  2566 | D:3      | Reached XP level 6. HP: 36/51 MP: 6/6
  2743 | D:3      | Found an ornate altar of the Wu Jian Council.
  2999 | D:4      | Reached skill level 9 in Axes
  3004 | D:4      | Incinerated by a bombardier beetle

Illustrated notes

Levels and vault maps discovered:
D:1:      kennysheep_arrival_seaside, layout_loops_ring, reono_crystal_passage,
          minmay_bisected
D:2:      layout_loops_ring, shapermc_ecumenical_altar_pompeii, basic_altar,
          nicolae_twisty_statue_hallways, uniq_crazy_yiuf_cottage, uniq_jessica
D:3:      layout_loops_ring, pdpol_wu_jian_five_deadly_venoms, uniq_robin,
          uniq_sigmund
D:4:      layout_loops_corners, amcnicky_altar_gilded

Skill      XL: |  1  2  3  4  5  6 |
---------------+-------------------+-----
Axes           | 3 4 5 6 8 9 |  9.0
Fighting       | |  3.2
Armour         | |  3.2
Shields        | |  3.2

Action                     |  1- 3 |  4- 6 || total
---------------------------+-------+-------++-------
  Melee: War axe           |    93 |   107 ||   200
    Use: Scroll            |       |     4 ||     4
         Potion            |       |     2 ||     2
 Armour: Scale mail        |    71 |    47 ||   118
         Skin              |       |     2 ||     2
  Dodge: Dodged            |    58 |    39 ||    97
  Block: Buckler           |    18 |    29 ||    47

Table legend: (Time is in decaauts)
 A = Elapsed time spent in this place.
 B = Non-inter-level travel time spent in this place.
 C = Inter-level travel time spent in this place.
 D = Time resting spent in this place.
 E = Time spent auto-exploring this place.
 F = Levels seen in this place.
 G = Mean time per level.
                   A        B        C        D        E       F      G
               +--------+--------+--------+--------+--------+-----+--------+
         Total |   3058 |   2892 |    166 |    100 |   2242 |   4 |  764.5 |
       Dungeon |   3058 |   2892 |    166 |    100 |   2242 |   4 |  764.5 |
               +--------+--------+--------+--------+--------+-----+--------+

Top non-repeatable levels by time:
     D:2: 1053 daAuts
     D:3: 987 daAuts
     D:1: 826 daAuts
     D:4: 192 daAuts
